 Dungeon Crawl Stone Soup version 0.31.0-9-g3a7656b989 (webtiles) character file.

Game seed: 7240295054365363849

545 qw the Shooter (level 7, -1/35 HPs)
             Began as a Spriggan Hunter on Feb 2, 2024.
             Slain by an orc warrior
             ... wielding a +0 heavy battleaxe
              (7 damage)
             ... on level 4 of the Dungeon.
             The game lasted 00:00:12 (2235 turns).

qw the Shooter (Spriggan Hunter)                    Turns: 2235, Time: 00:00:13

Health: -1/35      AC: 10    Str:  7    XL:     7   Next: 6%
Magic:  8/8        EV: 21    Int: 11    God:
Gold:   45         SH:  0    Dex: 20    Spells: 6/6 levels left

rFire   + + .        a - +0 shortbow
rCold   x . .        (shield currently unavailable)
rNeg    . . .        c - +0 robe
rPois   +            (helmet restricted)
rElec   .            (no cloak)
rCorr   .            (gloves unavailable)
SInv    +            (boots unavailable)
Will    +....        d - amulet of the acrobat
Stlth   ++           e - ring "Xuxon" {rPois rF++ rC- AC+4 SInv}
HPRegen 0.25/turn    f - +4 ring of protection
MPRegen 0.11/turn

%: acrobat
@: very quick
A: very small, no large weapons, unfitting armour, see invisible, speed 3
a: no special abilities


You were on level 4 of the Dungeon.
You visited 1 branch of the dungeon, and saw 4 of its levels.

You collected 115 gold pieces.
You spent 70 gold pieces at shops.


Innate Abilities, Weirdness & Mutations

You are very small and have problems with some larger weapons.
You are too small for most types of armour.
You have supernaturally acute eyesight. (SInv)
You cover ground extremely quickly. (Speed+++)


   Skills:
 - Level 2.1 Fighting
 - Level 7.2 Ranged Weapons
 + Level 6.1 Dodging
 - Level 1.5 Stealth


You had 6 spell levels left.
You didn't know any spells.
Your spell library was empty.

Inventory:

Hand Weapons
 a - a +0 shortbow (weapon)
Armour
 c - a +0 robe (worn)
Jewellery
 d - an amulet of the acrobat (around neck)
 e - the ring "Xuxon" (left hand) {rPois rF++ rC- AC+4 SInv}
   (You found it on level 2 of the Dungeon)

   [ring of protection]

   AC+4:      It affects your AC (+4).
   rF++:      It greatly protects you from fire.
   rC-:       It makes you vulnerable to cold.
   rPois:     It protects you from poison SInv: It lets you see invisible.
 f - a +4 ring of protection (right hand)
 h - a ring of ice
Wands
 n - a wand of charming (4)
Scrolls
 b - a scroll of enchant armour {unknown}
 i - a scroll of torment {unknown}
Potions
 g - a potion of curing
 j - a potion of enlightenment

Dungeon Overview and Level Annotations

Branches:
Dungeon (4/15)
 Temple: D:4-7

Altars:

Shops:
D:3 :*[(


Message History

The orc warrior is severely wounded.
The orc misses you. x2
You shoot an arrow.
The arrow closely misses the orc warrior.
The orc warrior closely misses you. The orc closely misses you.
The orc completely misses you.
You shoot an arrow.
The arrow closely misses the orc warrior.
The orc barely misses you. The orc warrior closely misses you.
The orc closely misses you.
You shoot an arrow. The arrow hits the orc warrior.
The orc warrior is almost dead.
The orc hits you with a +0 flail. The orc completely misses you.
The orc warrior hits you with a +0 heavy battleaxe!
You shoot an arrow.
The arrow hits the orc warrior but does no damage.
The orc warrior is almost dead.
The orc misses you. The orc closely misses you.
You shoot an arrow.
The arrow closely misses the orc warrior.
The orc completely misses you. The orc hits you but does no damage.
The orc warrior hits you but does no damage.
You shoot an arrow.
The arrow hits the orc warrior but does no damage.
The orc warrior is almost dead.
The orc hits you but does no damage. The orc misses you.
The orc warrior closely misses you.
You shoot an arrow.
The arrow hits the orc warrior but does no damage.
The orc warrior is almost dead.
The orc misses you. The orc completely misses you.
You shoot an arrow.
The arrow barely misses the orc warrior.
The orc hits you but does no damage. The orc misses you.
The orc warrior hits you with a +0 heavy battleaxe!
The orc closely misses you. The orc completely misses you.
You shoot an arrow. The arrow hits the orc warrior.
The orc warrior is almost dead.
The orc warrior hits you with a +0 heavy battleaxe!
You die...

#........%........###..
#...............%.)..%.
.........##.............
.........###.....%....>.
.......######..####.....
#......##....## #......
#.##........# ####...
...####.......# #..#
......o@.......... ...
##....oo.......#..
#)............## ..
............#... .
<...##....###...# .##.
....## ..## # .....#
##...#


You could see an orc warrior and 2 orcs.

Vanquished Creatures
  Sigmund (D:2)
  A phantom (D:3)
  A bullfrog (D:4)
  An orc priest (D:3)
  Terence (D:3)
  2 orc wizards
  Ijyb (D:3)
  Robin (D:3)
  3 adders
  A ribbon worm (D:3)
  7 dart slugs
  5 orcs
  6 ball pythons
  4 bats
  2 endoplasms
  A giant cockroach (D:3)
  15 goblins
  4 hobgoblins
  4 jackals (D:4)
  8 quokkas
  2 frilled lizards (D:1)
  A kobold (D:2)
  4 rats
76 creatures vanquished.

Notes
Turn   | Place    | Note
-------+----------+-------------------------------------------
     0 | D:1      | qw the Spriggan Hunter began the quest for the Orb.
     0 | D:1      | Reached XP level 1. HP: 10/10 MP: 2/2
     0 | D:1      | 0 ||| qw: Version: 0.3-a-155-g5e7d8dd
     0 | D:1      | 0 ||| qw: Game counter: 1996
     0 | D:1      | 0 ||| qw: Melee chars always use a shield: true
     0 | D:1      | 0 ||| qw: God list: Okawaru
     0 | D:1      | 0 ||| qw: Allow faded altars: false
     0 | D:1      | 0 ||| qw: Do Orc after clearing Dungeon:15 true
     0 | D:1      | 0 ||| qw: Do second Lair branch before Depths: true
     0 | D:1      | 0 ||| qw: Lair rune preference: random
     0 | D:1      | 0 ||| qw: Goals: Normal
     0 | D:1      | 0 ||| PLANNING D:1-11
    24 | D:1      | Reached skill level 3 in Dodging
   245 | D:1      | Reached XP level 2. HP: 14/14 MP: 3/3
   436 | D:1      | 436 ||| READING scroll labelled DIMEFI SIEN.
   437 | D:1      | 437 ||| READING scroll labelled SINYNK LUMAH.
   440 | D:1      | 440 ||| READING scroll labelled JEKUOWEEVI.
   440 | D:1      | 440 ||| IDENTIFYING fuming green potion
   441 | D:1      | 441 ||| READING scroll labelled JEGIGA FEEN.
   442 | D:1      | 442 ||| DROPPING scroll of butterflies.
   469 | D:2      | 469 ||| STAIRDANCE
   667 | D:2      | Identified the ring "Xuxon" {rPois rF++ rC- AC+4 SInv}
   698 | D:2      | Noticed Sigmund
   704 | D:2      | Killed Sigmund
   705 | D:2      | Reached skill level 6 in Ranged Weapons
   705 | D:2      | Reached XP level 3. HP: 16/18 MP: 4/4
   705 | D:2      | Reached XP level 4. HP: 19/22 MP: 5/5
   705 | D:2      | Reached XP level 5. HP: 22/25 MP: 6/6
  1205 | D:2      | 1205 ||| UPGRADING to amulet of the acrobat.
  1210 | D:2      | 1210 ||| UPGRADING to ring "Xuxon" {rPois rF++ rC- AC+4
                  | SInv}.
  1211 | D:2      | 1211 ||| UPGRADING to +4 ring of protection.
  1276 | D:3      | Found Louclile's General Store.
  1280 | D:3      | Found Berukh's Book Shoppe.
  1282 | D:3      | 1282 ||| BUYING potion of curing (42 gold).
  1282 | D:3      | Bought a potion of curing for 42 gold pieces
  1282 | D:3      | 1282 ||| BUYING scroll of identify (28 gold).
  1282 | D:3      | Bought a scroll of identify for 28 gold pieces
  1317 | D:3      | Noticed a phantom
  1323 | D:3      | Found Vefis's Armour Emporium.
  1331 | D:3      | Killed a phantom
  1332 | D:3      | Reached XP level 6. HP: 27/30 MP: 7/7
  1342 | D:3      | Found Nuyseb's Weapon Shoppe.
  1349 | D:3      | 1349 ||| SHOPLISTING +0 troll leather armour "Hyanok" {rF+
                  | Regen+} (377 gold, have 31).
  1464 | D:3      | Noticed Ijyb
  1466 | D:3      | 1466 ||| DRINKING 3 potions of curing.
  1466 | D:3      | 1466 ||| (to cure confusion)
  1476 | D:3      | 1476 ||| DRINKING 2 potions of curing.
  1476 | D:3      | 1476 ||| (to cure confusion)
  1477 | D:3      | Killed Ijyb
  1521 | D:3      | Noticed Robin
  1521 | D:3      | Noticed Terence
  1546 | D:3      | Killed Terence
  1547 | D:3      | Reached skill level 6 in Dodging
  1550 | D:3      | Killed Robin
  1778 | D:3      | 1778 ||| READING 3 scrolls of identify.
  1778 | D:3      | 1778 ||| IDENTIFYING red potion
  1779 | D:3      | 1779 ||| READING 2 scrolls of identify.
  1779 | D:3      | 1779 ||| IDENTIFYING metallic clear potion
  1780 | D:3      | 1780 ||| READING scroll of identify.
  1780 | D:3      | 1780 ||| IDENTIFYING bubbling clear potion
  1781 | D:3      | 1781 ||| READING scroll labelled NOINOXZIRA.
  1782 | D:3      | 1782 ||| READING scroll labelled OFEWNA UDAELU.
  1883 | D:3      | 1883 ||| DROPPING potion of magic.
  1884 | D:3      | 1884 ||| DROPPING potion of attraction.
  1906 | D:4      | 1906 ||| FLEEEEING.
  1907 | D:4      | 1907 ||| FLEEEEING.
  1908 | D:4      | 1908 ||| FLEEEEING.
  1909 | D:4      | 1909 ||| FLEEEEING.
  1911 | D:4      | 1911 ||| STAIRDANCE
  1976 | D:4      | 1976 ||| STAIRDANCE
  1992 | D:4      | 1992 ||| STAIRDANCE
  2006 | D:3      | HP: 7/30 [orc/+0 hand axe (2)]
  2105 | D:4      | 2105 ||| STAIRDANCE
  2197 | D:4      | Reached skill level 7 in Ranged Weapons
  2197 | D:4      | Reached XP level 7. HP: 35/35 MP: 8/8
  2234 | D:4      | HP: 5/35 [orc warrior/+0 heavy battleaxe (15)]
  2235 | D:4      | Slain by an orc warrior

Levels and vault maps discovered:
D:1:      eino_arrival_tree_alley, layout_basic
D:2:      layout_basic, minivault_11, minmay_curled_crystal,
          chequers_serial_rivers_micro_d, uniq_sigmund
D:3:      layout_rooms, serial_shops, shop, shop, shop, shop, uniq_robin,
          uniq_ijyb, uniq_terence
D:4:      cheibrodos_greedy_goblins, layout_cave_pools,
          lemuel_zombie_altar_yredelemnul, lemuel_doored_altar

Skill      XL: |  1  2  3  4  5  6 |
---------------+-------------------+-----
Dodging        | 3 4 5 6 |  6.1
Ranged Weapons | 6 7 |  7.2
Fighting       | 2 |  2.1
Stealth        | |  1.5

Action                     |  1- 3 |  4- 6 |  7- 9 || total
---------------------------+-------+-------+-------++-------
   Fire: Shortbow          |    45 |   203 |    26 ||   274
    Use: Scroll            |     4 |     5 |       ||     9
         Potion            |       |     2 |       ||     2
 Armour: Robe              |     3 |    47 |     9 ||    59
  Dodge: Dodged            |     4 |   165 |    36 ||   205

Table legend:
 A = Non-vault XP
 B = Vault XP
 C = Vault XP percentage of total XP
 D = Non-vault monster count
 E = Vault monster count
 F = Vault count percentage of total count
                 A         B        C        D         E       F
            +---------+---------+-------+---------+---------+-------
      Total |     462 |     317 |  40.7 |      61 |      15 |  19.7
            +---------+---------+-------+---------+---------+-------
        D:1 |      14 |       0 |   0.0 |       8 |       0 |   0.0
        D:2 |      55 |     214 |  79.6 |      21 |       1 |   4.5
        D:3 |     243 |     103 |  29.8 |      22 |      14 |  38.9
        D:4 |     150 |       0 |   0.0 |      10 |       0 |   0.0
            +---------+---------+-------+---------+---------+-------
